 Dungeon Crawl Stone Soup version 0.31-a0-182-gc5ef74bbde (webtiles) character file.

Game seed: 11623008263747042787

15 Moral the Grave Robber (level 2, -2/19 HPs)
             Began as a Demonspawn Necromancer on June 21, 2023.
             Slain by a gnoll
             ... wielding a +0 flail of pain
              (13 damage)
             ... on level 1 of the Dungeon.
             The game lasted 00:01:52 (444 turns).

Moral the Grave Robber (Demonspawn Necromancer)      Turns: 444, Time: 00:01:53

Health: -2/19      AC:  2    Str:  8    XL:     2   Next: 34%
Magic:  1/5        EV: 12    Int: 16    God:
Gold:   27         SH:  0    Dex: 13    Spells: 4/5 levels left

rFire   . . .        c - staff of death
rCold   . . .        (no shield)
rNeg    + . .        a - +0 robe
rPois   .            (helmet restricted)
rElec   .            (no cloak)
rCorr   .            (no gloves)
SInv    .            (no boots)
Will    .....        (no amulet)
Stlth   ++           (no ring)
HPRegen 0.23/turn    (no ring)
MPRegen 0.09/turn

%: no passive effects
@: very slightly contaminated
A: horns 1
a: no special abilities


You were on level 1 of the Dungeon.
You visited 1 branch of the dungeon, and saw 1 of its levels.

You collected 27 gold pieces.

Inventory:

Armour
 a - a +0 robe (worn)
Magical Staves
 c - a staff of death (weapon)
Scrolls
 d - a scroll of blinking {unknown}
Potions
 b - a potion of magic


   Skills:
 + Level 2.0 Dodging
 + Level 2.1 Stealth
 + Level 2.2 Spellcasting
 + Level 4.5 Necromancy


You had 4 spell levels left.
You knew the following spells:

 Your Spells              Type           Power      Damage    Failure   Level
a - Necrotise             Necr           96%        1d8       3%          1

Your spell library contained the following spells:

 Spells                   Type           Power      Damage    Failure   Level
 Vampiric Draining        Necr           24%        2d7       10%         3
 Animate Dead             Necr           24%        N/A       30%         4
 Agony                    Necr           24%        N/A       65%         5


Dungeon Overview and Level Annotations

Branches:
Dungeon (1/15)

Altars:

Shops:
D:1 [


Innate Abilities, Weirdness & Mutations

You have a pair of small horns on your head.


Message History

The hobgoblin barely misses your goblin skeleton.
Your goblin skeleton closely misses the hobgoblin.
The rat bites you but does no damage.
Your goblin skeleton barely misses the hobgoblin.
You hit the rat.
You kill the rat!
The hobgoblin hits you.
Your goblin skeleton hits the hobgoblin.
The hobgoblin barely misses you.
You hit the hobgoblin.
You kill the hobgoblin!
You now have 27 gold pieces (gained 10).
You see here a hobgoblin corpse.
There are no objects that can be picked up here. a hobgoblin corpse Your goblin skeleton crumbles into dust!
d - a scroll labelled UTHEOS COEGONO
Found 4 stones.
Found 6 stones.
Found Gosooryl's Armour Shoppe.
There is an entrance to Gosooryl's Armour Shoppe here.
Casting: Necrotise (safe; 3% risk of failure)
Confirm with . or Enter, or press ? or * to list all spells.
You don't know that spell.
Sorry, you're not good enough to have a special ability.
You see here 6 stones.
A gnoll comes into view. It is wielding a +0 flail of pain.
The gnoll shouts!
A gnoll is nearby!
A gnoll is nearby!
You feel a surge of power!
The gnoll writhes in agony.
You feel a surge of power!
You miscast Necrotise.
You are very lightly contaminated with residual magic.
Nothing appears to happen.
You feel a surge of power!
The gnoll writhes in agony!
A quokka comes into view.
The gnoll hits you with a +0 flail of pain!
You feel a surge of power!
The gnoll writhes in agony.
The gnoll hits you with a +0 flail of pain!
Ouch! That really hurt!
You die...

.#### .##### #. .#
.....###### ##. #.#
........... .. ..#
......#### ###.##..#
#.....#.. ....#..#
#.....#.# #..#..#
#..)†.#.#######g...#
###..........##.@# ###
###.#.#......((##....#
#..>..r.....∩...#
###..#(...##....#
#..#######..### #...
...# #.### ##.# #.. .#
### ##


You could see a gnoll and a quokka.

Vanquished Creatures
  A dart slug (D:1)
  A ball python (D:1)
  2 endoplasms (D:1)
  A goblin (D:1)
  2 hobgoblins (D:1)
  2 quokkas (D:1)
  A kobold (D:1)
  A rat (D:1)
11 creatures vanquished.

Notes
Turn   | Place    | Note
-------+----------+-------------------------------------------
     0 | D:1      | Moral the Demonspawn Necromancer began the quest for the
                  | Orb.
     0 | D:1      | Reached XP level 1. HP: 13/13 MP: 3/3
   258 | D:1      | Gained mutation: You have a pair of small horns on your
                  | head. [demonic ancestry]
   258 | D:1      | Reached XP level 2. HP: 18/19 MP: 1/5
   431 | D:1      | Found Gosooryl's Armour Shoppe.
   444 | D:1      | Slain by a gnoll

Illustrated notes

Levels and vault maps discovered:
D:1:      dpeg_arrival_line_fractal, layout_basic, serial_shops,
          nicolae_square_shop

Skill      XL: |  1 |
---------------+----+-----
Stealth        | 2 |  2.1
Dodging        | 2 |  2.0
Spellcasting   | |  2.2
Necromancy     | |  4.5

Action                     || total
---------------------------++-------
  Melee: Staff             ||     4
   Cast: Necrotise         ||    19
 Armour: Robe              ||     1
  Dodge: Dodged            ||     4

Table legend: (Time is in decaauts)
 A = Elapsed time spent in this place.
 B = Non-inter-level travel time spent in this place.
 C = Inter-level travel time spent in this place.
 D = Time resting spent in this place.
 E = Time spent auto-exploring this place.
 F = Levels seen in this place.
 G = Mean time per level.
                   A        B        C        D        E       F      G
               +--------+--------+--------+--------+--------+-----+--------+
         Total |    444 |    444 |      0 |    123 |    251 |   1 |  444.0 |
       Dungeon |    444 |    444 |      0 |    123 |    251 |   1 |  444.0 |
               +--------+--------+--------+--------+--------+-----+--------+

Top non-repeatable levels by time:
     D:1: 444 daAuts
